 Dungeon Crawl Stone Soup version 0.28-a0-674-gdaf460b524 (webtiles) character file.

Game seed: 9646449004321484110

1977 jasper the Conjurer (level 9, -1/57 HPs)
             Began as a Demonspawn Necromancer on Oct 17, 2021.
             Was a Follower of Vehumet.
             Slain by a red ugly thing (22 damage)
             ... on level 7 of the Dungeon.
             The game lasted 00:15:06 (9112 turns).

jasper the Conjurer (Demonspawn Necromancer)        Turns: 9112, Time: 00:15:07

Health: -1/57      AC:  2    Str:  9    XL:     9   Next: 0%
Magic:  7/22       EV: 12    Int: 22    God:    Vehumet [*.....]
Gold:   370        SH:  5    Dex: 15    Spells: 2/14 levels left

rFire   . . .      SeeInvis .   f - staff of earth
rCold   + . .      Faith    .   l - +0 buckler
rNeg    . . .      Spirit   .   a - +0 robe
rPois   .          Reflect  .   (no helmet)
rElec   .          Harm     .   (no cloak)
rCorr   .          Rampage  .   (gloves unavailable)
Will    .....                   (no boots)
Stlth   ++........              (no amulet)
HPRegen 0.19/turn               y - ring of magical power
MPRegen 0.18/turn               q - ring of protection from cold

@: no status effects
A: claws 3, big brain 2, demonic magic 1
a: Renounce Religion


You were on level 7 of the Dungeon.
You worshipped Vehumet.
Vehumet was aware of your devotion.
You visited 2 branches of the dungeon, and saw 8 of its levels.

You collected 370 gold pieces.

Inventory:

Hand Weapons
 b - a +2 dagger of venom
 c - a +0 dagger
 k - a +0 hunting sling
Missiles
 d - 211 arrows
 m - 61 stones
 n - 3 boomerangs
 o - 16 poisoned darts
Armour
 a - a +0 robe (worn)
 g - a +2 pair of gloves
 l - a +0 buckler (worn)
 t - a +0 leather armour
Magical Staves
 f - a staff of earth (weapon)
Jewellery
 p - a +6 ring of dexterity
 q - a ring of protection from cold (right claw)
 s - a ring of wizardry
 y - a ring of magical power (left claw)
Scrolls
 h - 2 scrolls of identify
 w - a scroll of silence {unknown}
 x - a scroll of blinking {unknown}
Potions
 e - a potion of mutation
 i - 3 potions of curing
 r - a potion of might {unknown}
 u - a potion of haste {unknown}
 v - a potion of attraction {unknown}
 z - a potion of berserk rage
 A - a potion of heal wounds


   Skills:
 - Level 1.7 Dodging
 - Level 1.7 Stealth
 - Level 4.1 Shields
 - Level 3.0 Unarmed Combat
 - Level 3.0 Spellcasting
 + Level 6.5 Conjurations
 - Level 5.2 Necromancy
 + Level 5.9 Earth Magic


You had 2 spell levels left.
You knew the following spells:

 Your Spells              Type           Power      Damage    Failure   Level
a - Pain                  Necr           100%       1d9       1%          1
b - Animate Skeleton      Necr           52%        N/A       1%          1
c - Vampiric Draining     Necr           13%        2d7       4%          3
d - Stone Arrow           Conj/Erth      92%        3d12      2%          3
e - Animate Dead          Necr           13%        N/A       14%         4

Your spell library contained the following spells:

 Spells                   Type           Power      Damage    Failure   Level
 Shock                    Conj/Air       68%        1d7       3%          1
 Animate Armour           Summ/Erth      48%        N/A       36%         4
 Agony                    Necr           26%        N/A       38%         5
 Lehudib's Crystal Spear  Conj/Erth      23%        10d6      100%        8


Dungeon Overview and Level Annotations

Branches:
Dungeon (7/15)             Temple (1/1) D:5

Altars:
Cheibriados
Dithmenos
Elyvilon
Hepliaklqana
Makhleb
Nemelex Xobeh
Qazlal
Ru
Sif Muna
Trog
Vehumet
Wu Jian
Xom
Yredelemnul
Zin
The Shining One

Annotations:
D:4 exclusion: wyvern
D:5 2 transporters
D:6 exclusion: troll


Innate Abilities, Weirdness & Mutations

You have claws for hands.
You have an extremely huge brain. (Int +4)
Spells you cast may paralyse adjacent enemies.


Message History

Okay, then.
Unknown command.
Unknown command.
Throw: 2 throwing nets
Press: ? - help, Shift-Dir - straight line, f - red ugly thing
Aim: a red ugly thing (57% to hit)
You throw a throwing net.
The throwing net barely misses the red ugly thing.
Throw: throwing net
Press: ? - help, Shift-Dir - straight line, f/p - red ugly thing
Aim: a red ugly thing (57% to hit)
You throw a throwing net.
The throwing net closely misses the red ugly thing.
Aiming: Stone Arrow (dangerous; 2% risk of failure)
Press: ? - help, Q - select action, (/) - cycle Shift-Dir - straight line, f/p - red ugly thing
Aim: a red ugly thing (76% to hit)
You feel a surge of power!
The stone arrow hits the red ugly thing!!
The red ugly thing is moderately wounded.
Malevolent energies surge around you. The red ugly thing trunk-slaps you.
You are engulfed in flames!
You take 21 damage, and have 36/57 hp.
MASSIVE DAMAGE!!
You now have 12/22 mp.
Aiming: Stone Arrow (dangerous; 2% risk of failure)
Press: ? - help, Q - select action, (/) - cycle Shift-Dir - straight line, f/p - red ugly thing
Aim: a red ugly thing (moderately wounded, 76% to hit)
You feel a surge of power!
The stone arrow hits the red ugly thing!!
The red ugly thing is severely wounded.
Malevolent energies surge around you. You block the red ugly thing's attack.
You now have 10/22 mp.
Aiming: Stone Arrow (dangerous; 2% risk of failure)
Press: ? - help, Q - select action, (/) - cycle Shift-Dir - straight line, f/p - red ugly thing
Aim: a red ugly thing (severely wounded, 76% to hit)
You feel a surge of power!
The stone arrow hits the red ugly thing!
The red ugly thing is almost dead.
Malevolent energies surge around you. The red ugly thing trunk-slaps you!
You are engulfed in flames!!
You die...

..# #.###.## ###
#.......#. #.. .## #.#.
#.# ..# ...⌠ ..# ..####
#.. #.# ...... ... #.#
#..
.#####..###.###.###.....
## ..........@....... #
...####.###u...>.. # #.#
....... ##### #.##
.<†.... ....# #..#
....... ###.## ##.#
......> # #..#########.#
....... # ##...........#
......( ##########..#


You could see a red ugly thing.

Vanquished Creatures
  2 sky beasts
  3 necrophages
  4 black bears
  2 ogres (D:6)
  2 centaurs
  A kobold brigand (D:6)
  A bullfrog (D:7)
  A scorpion (D:6)
  2 water moccasin skeletons
  A centaur zombie (D:5)
  A jelly (D:5)
  An orc priest (D:7)
  2 hounds (D:5)
  A gnoll shaman (D:6)
  3 iguanas
  A bullfrog skeleton (D:5)
  3 orc wizards
  3 gnolls
  3 adders
  A shadow imp (D:6)
  An ufetubus (D:5)
  An adder skeleton (D:4)
  3 worms
  2 dart slugs
  11 orcs
  13 bats
  10 endoplasms
  3 giant cockroaches
  10 goblins
  11 hobgoblins
  3 jackals (D:2)
  9 kobolds
  4 quokkas
  10 ball pythons
  9 frilled lizards
  5 rats
143 creatures vanquished.

Notes
Turn   | Place    | Note
-------+----------+-------------------------------------------
     0 | D:1      | jasper the Demonspawn Necromancer began the quest for the
                  | Orb.
     0 | D:1      | Reached XP level 1. HP: 13/13 MP: 3/3
   347 | D:1      | Gained mutation: You have sharp fingernails. [demonic
                  | ancestry]
   347 | D:1      | Reached XP level 2. HP: 15/19 MP: 0/5
   433 | D:1      | Reached skill level 5 in Necromancy
   842 | D:1      | Reached skill level 1 in Unarmed Combat
  1238 | D:1      | Gained mutation: You have an unusually large brain. (Int
                  | +2) [demonic ancestry]
  1238 | D:1      | Reached XP level 3. HP: 21/24 MP: 3/6
  1276 | D:1      | Learned a level 1 spell: Animate Skeleton
  1280 | D:1      | Learned a level 3 spell: Vampiric Draining
  1346 | D:1      | Found a faded altar of an unknown god.
  1411 | D:1      | Identified a scroll of acquirement
  1411 | D:1      | Acquired a book of Armaments
  2147 | D:2      | Gained mutation: Spells you cast may paralyse adjacent
                  | enemies. [demonic ancestry]
  2147 | D:2      | Reached XP level 4. HP: 3/30 MP: 0/7
  4213 | D:4      | Noticed a wyvern
  4508 | D:4      | Learned a level 3 spell: Stone Arrow
  4512 | D:5      | Entered Level 5 of the Dungeon
  4541 | D:5      | Reached XP level 5. HP: 19/35 MP: 9/9
  4665 | D:5      | Reached skill level 1 in Shields
  4780 | D:5      | Noticed a necrophage
  4854 | D:5      | Killed a necrophage
  4855 | D:5      | Gained mutation: You have an extremely huge brain. (Int +4)
                  | [demonic ancestry]
  4855 | D:5      | Reached XP level 6. HP: 41/41 MP: 6/10
  4958 | D:5      | Found a staircase to the Ecumenical Temple.
  4973 | Temple   | Entered the Ecumenical Temple
  5026 | Temple   | Became a worshipper of Vehumet
  5182 | D:5      | Noticed a sky beast
  5195 | D:5      | Killed a sky beast
  5196 | D:5      | Reached skill level 1 in Conjurations
  5196 | D:5      | Reached skill level 1 in Earth Magic
  5196 | D:5      | Gained mutation: You have very sharp fingernails. [demonic
                  | ancestry]
  5196 | D:5      | Reached XP level 7. HP: 30/46 MP: 1/11
  5320 | D:5      | Reached skill level 2 in Conjurations
  5476 | D:5      | Found a transporter.
  5500 | D:5      | Found an ornate altar of the Wu Jian Council.
  5543 | D:5      | Found a bloodstained altar of Trog.
  5549 | D:5      | Learned a level 4 spell: Animate Dead
  5794 | D:5      | Reached skill level 3 in Conjurations
  6182 | D:5      | Found a stormy altar of Qazlal.
  6211 | D:5      | Found a transporter.
  6213 | D:5      | Noticed a fire bat
  6824 | D:6      | Reached skill level 4 in Conjurations
  6824 | D:6      | Reached XP level 8. HP: 52/52 MP: 5/12
  7051 | D:6      | Reached * piety under Vehumet
  7051 | D:6      | Offered knowledge of Shock by Vehumet.
  7195 | D:6      | Noticed a troll
  7310 | D:6      | Reached skill level 5 in Conjurations
  7673 | D:6      | Reached skill level 5 in Earth Magic
  7970 | D:6      | Found a snail-covered altar of Cheibriados.
  8351 | D:7      | Noticed a skeletal warrior
  8357 | D:6      | Reached skill level 6 in Conjurations
  9104 | D:7      | Noticed a red ugly thing
  9108 | D:7      | Gained mutation: You have claws for hands. [demonic
                  | ancestry]
  9108 | D:7      | Reached XP level 9. HP: 57/57 MP: 13/13
  9112 | D:7      | Slain by a red ugly thing

Illustrated notes

Levels and vault maps discovered:
D:1:      psy_arrival_basics, layout_basic, hellmonk_ecumenical_altar_run_dry,
          minmay_3d_cube
D:2:      layout_loops_ring, minmay_divided_ellipse
D:3:      layout_loops_ring, hangedman_abyss_or_decor_lesser_grid
D:4:      layout_basic, mainiacjoe_overflow_alcove_1,
          gammafunk_ghost_gnarly_gnolls
D:5:      gammafunk_cloud_chamber, layout_basic,
          nicolae_qazlal_general_emergency, mainiacjoe_overflow_catwalk,
          mainiacjoe_overflow_concentric_impassable,
          minmay_temple_entry_butterflies
D:6:      layout_loops_ring, mainiacjoe_overflow_alcove_4,
          gup_sewer_entry_glass, serial_park_tiny_pond
D:7:      layout_rooms, kiku_gazebo_pond_becter, minmay_chambers_of_fives
Temple:   minmay_temple_bridge_abc

Skill      XL: |  1  2  3  4  5  6  7  8 |
---------------+-------------------------+-----
Necromancy     | 5 |  5.2
Unarmed Combat | 1 2 3 |  3.0
Spellcasting   | 3 |  3.0
Shields        | 3 4 |  4.1
Conjurations   | 1 4 6 |  6.5
Earth Magic    | 1 3 5 |  5.9
Dodging        | |  1.7
Stealth        | |  1.7

Action                   |  1- 3 |  4- 6 |  7- 9 || total
-------------------------+-------+-------+-------++-------
Melee: Dagger            |    13 |       |       ||    13
       Unarmed           |    23 |   221 |    82 ||   326
       Punch             |       |     1 |       ||     1
       Staff             |       |       |     2 ||     2
Throw: Throwing net      |       |       |     2 ||     2
 Cast: Pain              |    75 |     2 |       ||    77
       Vampiric Draining |     1 |    27 |    15 ||    43
       Animate Skeleton  |       |     1 |       ||     1
       Stone Arrow       |       |       |    46 ||    46
  Use: Scroll            |     2 |     2 |       ||     4
       Potion            |       |     3 |     2 ||     5
 Stab: Sleeping          |     1 |     4 |       ||     5
       Paralysed         |       |    13 |     5 ||    18
Armor: Robe              |    10 |    57 |    20 ||    87
Dodge: Dodged            |    31 |   138 |    77 ||   246
Block: Buckler           |       |       |    22 ||    22

Table legend: (Time is in decaauts)
 A = Elapsed time spent in this place.
 B = Non-inter-level travel time spent in this place.
 C = Inter-level travel time spent in this place.
 D = Time resting spent in this place.
 E = Time spent auto-exploring this place.
 F = Levels seen in this place.
 G = Mean time per level.
                   A        B        C        D        E       F      G
               +--------+--------+--------+--------+--------+-----+--------+
         Total |   9097 |   8918 |    179 |   2357 |   5036 |   8 | 1137.1 |
       Dungeon |   9020 |   8863 |    157 |   2357 |   4995 |   7 | 1288.6 |
        Temple |     76 |     54 |     22 |      0 |     41 |   1 |   76.0 |
               +--------+--------+--------+--------+--------+-----+--------+

Top non-repeatable levels by time:
     D:5: 2373 daAuts
     D:6: 1876 daAuts
     D:2: 1538 daAuts
     D:1: 1427 daAuts
     D:3: 1106 daAuts
     D:4: 427 daAuts
     D:7: 271 daAuts
  Temple: 76 daAuts
